 Dungeon Crawl Stone Soup version 0.29-a0-613-gf2c431b9b9 (webtiles) character file.

Game seed: 15820780868346612411

29969 HoaS the Bludgeoner (level 13, -2/168 (171) HPs)
             Began as a Troll Berserker on June 16, 2022.
             Was an Elder of Trog.
             Slain by a wraith (10 damage)
             ... led by Josephine
             ... on level 4 of the Lair of Beasts.
             The game lasted 00:45:54 (12574 turns).

HoaS the Bludgeoner (Troll Berserker)              Turns: 12574, Time: 00:45:54

HP:   -2/168 (171)  AC: 16    Str: 34    XL:     13   Next: 18%
MP:   0/12          EV: 11    Int:  3    God:    Trog [****..]
Gold: 988           SH:  0    Dex: 17    Spells: 12/12 levels left

rFire   . . .      SeeInvis .   o - +0 giant spiked club (flame)
rCold   . . .      Faith    .   (shield currently unavailable)
rNeg    . . .      Spirit   +   z - +1 acid dragon scales
rPois   +          Reflect  .   (helmet restricted)
rElec   .          Harm     .   e - +2 cloak
rCorr   +          Rampage  .   (gloves unavailable)
Will    +++..                   (boots unavailable)
Stlth   ..........              m - amulet "Xutheil" {Spirit rPois Will+ Dex+4}
HPRegen 2.18/turn               x - +6 ring of strength
MPRegen 0.13/turn               v - +4 ring of protection

@: berserking, strong-willed (expiring), regenerating (expiring), slowed,
lightly drained
A: large, unfitting armour, claws 3, regeneration 1, shaggy fur 1, tough skin 1
a: Renounce Religion, Berserk, Trog's Hand, Brothers in Arms


You were on level 4 of the Lair of Beasts.
You worshipped Trog.
Trog was greatly pleased with you.
You visited 4 branches of the dungeon, and saw 19 of its levels.

You collected 988 gold pieces.

Inventory:

Hand Weapons
 o - a +0 giant spiked club of flaming (weapon)
Armour
 e - a +2 cloak (worn)
 z - +1 acid dragon scales (worn)
Jewellery
 a - a +6 ring of intelligence
 m - the amulet "Xutheil" (around neck) {Spirit rPois Will+ Dex+4}
   (You acquired it on level 6 of the Dungeon)

   [amulet of guardian spirit]

   It causes incoming damage to be divided between your reserves of health and
   magic.
   Dex:       It affects your dexterity (+4).
   rPois:     It protects you from poison.
   Will:      It increases your willpower.
 v - a +4 ring of protection (right claw)
 w - a ring of ice
 x - a +6 ring of strength (left claw)
 B - an amulet of faith
 E - a +6 ring of strength
 G - a ring of ice
 H - a ring of flight
 J - a ring of poison resistance
 K - a ring of positive energy
Wands
 q - a wand of paralysis (3)
 r - a wand of flame (3)
 y - a wand of polymorph (4)
 C - a wand of iceblast (2)
Scrolls
 d - 2 scrolls of fog
 l - 4 scrolls of teleportation
 n - 2 scrolls of poison
 p - 2 scrolls of blinking
 u - 3 scrolls of fear
 I - a scroll of silence
Potions
 b - a potion of might
 c - 2 potions of ambrosia
 f - 2 potions of cancellation
 g - 3 potions of heal wounds
 h - 2 potions of invisibility
 i - 4 potions of mutation
 j - 7 potions of lignification
 k - 3 potions of curing
 s - a potion of haste
 t - 2 potions of berserk rage
 A - a potion of resistance
 D - 2 potions of flight {unknown}
 F - a potion of magic {unknown}


   Skills:
 + Level 4.1 Fighting
 * Level 19.4 Maces & Flails
 + Level 3.1 Armour
 + Level 4.1 Dodging


You had 12 spell levels left.
You didn't know any spells.
Your spell library was empty.

Dungeon Overview and Level Annotations

Branches:
Dungeon (13/15)            Temple (1/1) D:4            Lair (4/6) D:11
 Shoals (0/4) Lair:2        Snake (0/4) Lair:2          Orc (1/2) D:9
 Vaults (0/5) D:13

Altars:
Ashenzari
Dithmenos
Nemelex Xobeh
Okawaru
Qazlal
Wu Jian
Yredelemnul

Shops:
D:9 *

Annotations:
D:11 Lodul


Innate Abilities, Weirdness & Mutations

You are too large for most types of armour.
You have claws for hands.
Your natural rate of healing is unusually fast.
You are covered in fur. (AC +1)
You have tough skin. (AC +1)


Message History

Josephine screams, "Die!"
Josephine hits you but does no damage. The wraith closely misses you.
The wraith hits you but does no damage. The wraith completely misses you.
The wraith hits you!
* * * LOW HITPOINT WARNING * * *
The bullfrog closely misses you.
You puncture Josephine! You burn Josephine!
Josephine is almost dead.
The bullfrog misses you. The wraith closely misses you.
Josephine barely misses you. The wraith barely misses you. The wraith hits you.
* * * LOW HITPOINT WARNING * * *
The wraith hits you but does no damage.
You hit Josephine. You burn Josephine.
Josephine is almost dead.
You feel the effects of Trog's Hand fading.
The bullfrog closely misses you.
You impale Josephine!! You burn Josephine.
You kill Josephine!
Trog accepts your kill.
Trog appreciates your killing of a magic user.
The wraith hits you.
* * * LOW HITPOINT WARNING * * *
The wraith drains your vigour!
You feel as though you will be slow longer.
The wraith completely misses you. The bullfrog closely misses you.
The wraith hits you.
* * * LOW HITPOINT WARNING * * *
The wraith hits you but does no damage.
The wraith hits you but does no damage. x2
The bullfrog hits you but does no damage.
Things that are here:
a +0 dagger; a +0 robe; the human corpse of Josephine You barely miss the bullfrog.
The wraith hits you!
* * * LOW HITPOINT WARNING * * *
The wraith barely misses you. The wraith closely misses you.
The bullfrog hits you but does no damage.
You closely miss the bullfrog.
The bullfrog hits you but does no damage.
The wraith hits you but does no damage. x2; The wraith hits you!
You die...

#.......# #.......###....P#
##.......##.....
########.....##....#
##.P#[###....###....#
.......##.....##....#
..............##....#
.............PPW....#
...PPP.........W@...#
#######........WWF..# #
#..##..........###P......... #
#####..............P........ #
#.....##...##..................
#
#.....##...##..................
###.....##....##..........
P.....
#.......##...##...........
#.....
#......P######..........###.....


You could see 4 wraiths and a bullfrog.

Vanquished Creatures
  Rupert (Lair:4)
  Nessos (Lair:4)
  Josephine (Lair:4)
  4 hydras
  A vault guard (D:13)
  2 two-headed ogres
  A tengu warrior (D:13)
  Nergalle (Lair:3)
  Amaemon (Lair:3)
  A deep elf archer (D:13)
  A deep elf pyromancer (D:13)
  An ugly thing (D:13)
  A cyclops (D:13)
  An oklob plant (D:11)
  4 elephants (Lair:3)
  An orange demon (Lair:3)
  7 cane toads
  A kobold demonologist (D:9)
  A rime drake (Lair:4)
  4 komodo dragons
  3 trolls
  7 wyverns
  A shadow (D:10)
  25 yaks
  A yak (shapeshifter) (D:13)
  2 wraiths
  Grum (D:9)
  3 basilisks
  3 vampire mosquitoes (D:10)
  2 steam dragons (D:7)
  Edmund (D:6)
  Menkaure (D:6)
  3 acid dragons
  10 water moccasins
  2 ice beasts
  3 black bears
  5 ogres
  14 wolves
  5 centaurs
  A kobold brigand (D:6)
  2 scorpions
  2 necrophages
  10 bullfrogs
  6 wights
  16 killer bees
  2 howler monkeys (D:9)
  5 hounds
  A jelly (D:4)
  3 gnoll shamans
  5 orc priests
  Crazy Yiuf (D:2)
  3 iguanas
  6 orc wizards
  17 gnolls
  6 adders
  A white imp (D:7)
  2 worms
  3 dart slugs
  26 orcs
  12 ball pythons
  4 bats
  7 endoplasms
  A giant cockroach (D:4)
  33 goblins
  26 hobgoblins
  8 jackals
  16 kobolds
  2 quokkas
  5 frilled lizards
  5 rats
365 creatures vanquished.

Vanquished Creatures (others)
  9 fungi
  16 plants
25 creatures vanquished.

Grand Total: 390 creatures vanquished

Notes
Turn   | Place    | Note
-------+----------+-------------------------------------------
     0 | D:1      | HoaS the Troll Berserker began the quest for the Orb.
     0 | D:1      | Reached XP level 1. HP: 22/22 MP: 0/0
    26 | D:1      | Found a faded altar of an unknown god.
    32 | D:1      | Reached skill level 3 in Maces & Flails
    53 | D:1      | Reached XP level 2. HP: 29/29 MP: 1/1
   464 | D:1      | Reached XP level 3. HP: 35/36 MP: 2/2
  1076 | D:2      | Reached ** piety under Trog
  1179 | D:2      | Found a runed translucent door.
  1180 | D:2      | Noticed Crazy Yiuf
  1244 | D:2      | Reached skill level 4 in Maces & Flails
  1516 | D:2      | Killed Crazy Yiuf
  1517 | D:2      | Reached XP level 4. HP: 44/44 MP: 3/3
  1948 | D:3      | Reached skill level 5 in Maces & Flails
  1993 | D:3      | Identified the +10 short sword "Earthworm" {vorpal, rC-
                  | Str+3 Int+2}
  2451 | D:4      | Reached XP level 5. HP: 42/50 MP: 4/4
  2592 | D:4      | Found a staircase to the Ecumenical Temple.
  2602 | Temple   | Entered the Ecumenical Temple
  2786 | D:4      | Reached skill level 6 in Maces & Flails
  2858 | D:4      | Reached *** piety under Trog
  3035 | D:4      | Reached XP level 6. HP: 59/59 MP: 5/5
  3326 | D:4      | Found a sparkling altar of Nemelex Xobeh.
  3481 | D:4      | Reached skill level 7 in Maces & Flails
  3580 | D:4      | Reached XP level 7. HP: 55/66 MP: 6/6
  3940 | D:4      | Reached **** piety under Trog
  4070 | D:5      | Entered Level 5 of the Dungeon
  4122 | D:5      | Reached skill level 8 in Maces & Flails
  4317 | D:5      | Reached skill level 9 in Maces & Flails
  4317 | D:5      | Reached XP level 8. HP: 66/74 MP: 7/7
  4427 | D:6      | Noticed Edmund
  4441 | D:6      | Killed Edmund
  4694 | D:6      | Reached skill level 10 in Maces & Flails
  4932 | D:6      | Noticed Menkaure
  4936 | D:6      | Killed Menkaure
  5116 | D:6      | Reached skill level 11 in Maces & Flails
  5119 | D:6      | Identified a scroll of acquirement
  5119 | D:6      | Acquired the amulet "Xutheil" {Spirit rPois Will+ Dex+4}
  5285 | D:6      | Reached XP level 9. HP: 80/80 MP: 6/8
  5401 | D:7      | Noticed a troll
  5782 | D:7      | Reached skill level 12 in Maces & Flails
  6060 | D:7      | Killed a troll
  6458 | D:8      | Reached skill level 13 in Maces & Flails
  6546 | D:8      | Reached XP level 10. HP: 76/87 MP: 7/9
  6887 | D:8      | Reached skill level 14 in Maces & Flails
  7035 | D:8      | Found a broken altar of Ashenzari.
  7209 | D:8      | Found a stormy altar of Qazlal.
  7209 | D:8      | Found a basalt altar of Yredelemnul.
  7430 | D:9      | Found Noazy's Overcharged Wands.
  7437 | D:9      | Found a staircase to the Orcish Mines.
  7497 | D:9      | Noticed Grum
  7514 | D:9      | Killed Grum
  7596 | D:9      | Reached ***** piety under Trog
  7683 | D:9      | Reached skill level 15 in Maces & Flails
  7697 | D:9      | Noticed a two-headed ogre
  7706 | D:9      | Killed a two-headed ogre
  8008 | D:10     | Entered Level 10 of the Dungeon
  8082 | D:10     | Reached XP level 11. HP: 81/94 MP: 8/10
  8180 | Orc:1    | Entered Level 1 of the Orcish Mines
  8180 | Orc:1    | Noticed an orc knight
  8180 | Orc:1    | Noticed an orc high priest
  8280 | D:10     | Noticed a two-headed ogre
  8285 | D:10     | You fall into a shaft and drop 3 floors!
  8349 | D:13     | Noticed a deep elf pyromancer
  8356 | D:13     | Noticed a tengu warrior
  8359 | D:13     | Killed a tengu warrior
  8360 | D:13     | Noticed a deep elf archer
  8364 | D:13     | Noticed a vault guard
  8367 | D:13     | Reached skill level 16 in Maces & Flails
  8374 | D:13     | Killed a vault guard
  8375 | D:13     | Found a gate to the Vaults.
  8384 | D:13     | Killed a deep elf archer
  8398 | D:13     | Noticed a red ugly thing
  8403 | D:13     | Killed a red ugly thing
  8405 | D:13     | Killed a deep elf pyromancer
  8498 | D:11     | Noticed Lodul
  8651 | D:10     | Killed a two-headed ogre
  8990 | D:10     | Reached skill level 17 in Maces & Flails
  9036 | D:10     | Found an ornate altar of the Wu Jian Council.
  9036 | D:10     | Found a shadowy altar of Dithmenos.
  9248 | D:11     | Noticed an oklob plant
  9252 | D:11     | Found a staircase to the Lair.
  9257 | D:11     | Killed an oklob plant
  9279 | Lair:1   | Entered Level 1 of the Lair of Beasts
  9570 | Lair:1   | Reached XP level 12. HP: 92/104 MP: 9/11
  9784 | Lair:1   | Reached skill level 18 in Maces & Flails
 10446 | Lair:2   | Found a staircase to the Shoals.
 10480 | Lair:2   | Noticed a five-headed hydra
 10496 | Lair:2   | Killed a five-headed hydra
 10564 | Lair:2   | Found a staircase to the Snake Pit.
 11362 | Lair:3   | Reached skill level 1 in Armour
 11399 | Lair:3   | Reached skill level 19 in Maces & Flails
 11477 | Lair:3   | Noticed Amaemon
 11493 | Lair:3   | Noticed a five-headed hydra
 11500 | Lair:3   | Killed Amaemon
 11503 | Lair:3   | Killed a five-headed hydra
 11592 | Lair:3   | Noticed Nergalle
 11603 | Lair:3   | Killed Nergalle
 11997 | Lair:4   | Noticed a six-headed hydra
 12001 | Lair:4   | Killed a six-headed hydra
 12171 | Lair:4   | Noticed a four-headed hydra
 12176 | Lair:4   | Killed a four-headed hydra
 12177 | Lair:4   | Reached XP level 13. HP: 90/114 MP: 9/12
 12329 | Lair:4   | Noticed Nessos
 12337 | Lair:4   | Killed Nessos
 12436 | Lair:4   | Noticed Rupert
 12450 | Lair:4   | Killed Rupert
 12553 | Lair:4   | Noticed Josephine
 12571 | Lair:4   | Killed Josephine
 12571 | Lair:4   | HP: 8/160 [wraith[Josephine] (3)]
 12574 | Lair:4   | Slain by a wraith

Illustrated notes

Levels and vault maps discovered:
D:1:      lemuel_arrival_rhombus, layout_loops_cross,
          shapermc_ecumenical_altar_venn
D:2:      minmay_razor_zed, layout_basic, uniq_crazy_yiuf_cottage
D:3:      layout_loops_ring
D:4:      minmay_goblin_kobold_castle, layout_loops_ring, kennysheep_mini_moat,
          minmay_temple_entry_grid, kennysheep_generic_room_16
D:5:      layout_rooms
D:6:      layout_loops_ring, kennysheep_generic_room_13, uniq_menkaure,
          uniq_edmund
D:7:      layout_basic
D:8:      layout_loops_ring, gammafunk_temple_overflow_elements,
          ashenzari_conservatory_becter
D:9:      layout_roguey, orc_0_dummy, serial_curves, eino_curves_01,
          eino_curves_03, nicolae_shop_overcharged_wands, uniq_grum
D:10:     nicolae_BIG_FREAKIN_CUBE, layout_rooms, minitemple,
          nicolae_elevator_lobby_plus
D:11:     layout_gridville, dpeg_oklobed_lair, lemuel_old_faithful, uniq_lodul
D:12:     layout_big_octagon, feat_on_display
D:13:     layout_loops_corners, david_vaults_5, uniq_snorg, uniq_maurice
Temple:   regret_index_temple_sphere_string
Lair:1:   layout_cave_pods, minivault_27, hibernation_bobbens, lemuel_fruit_tree
Lair:2:   layout_gridlike, shoals_dummy_entry, dummy_snake_entry
Lair:3:   layout_loops_ring, uniq_amaemon, uniq_nergalle
Lair:4:   layout_cellular_growth, uniq_josephine, uniq_rupert, uniq_nessos
Orc:1:    layout_caves, nicolae_orc_pool_cavern, mines2_lemuel, uniq_fannar

Skill      XL: |  1  2  3  4  5  6  7  8  9 10 11 12 13 |
---------------+----------------------------------------+-----
Maces & Flails | 3 4 5 6 7 9 11 13 15 17 19 | 19.4
Armour         | 2 3 |  3.1
Fighting       | 3 4 |  4.1
Dodging        | 3 4 |  4.1

Action                   |  1- 3 |  4- 6 |  7- 9 | 10-12 | 13-15 || total
-------------------------+-------+-------+-------+-------+-------++-------
Melee: Mace              |    70 |       |       |       |       ||    70
       Punch             |     1 |       |       |       |       ||     1
       Great mace        |    52 |   186 |       |       |       ||   238
       Giant club        |       |     3 |   340 |   214 |       ||   557
       Giant spiked club |       |       |       |   294 |    28 ||   322
Throw: Throwing net      |     1 |       |       |       |       ||     1
Invok: Trog's Hand       |       |     1 |     5 |    11 |     2 ||    19
       Berserk           |       |       |     4 |     6 |     2 ||    12
       Brothers in Arms  |       |       |       |       |     1 ||     1
Evoke: Wand              |       |       |       |     6 |    12 ||    18
  Use: Scroll            |     6 |     8 |     9 |    12 |     1 ||    36
       Potion            |       |       |     1 |       |       ||     1
 Stab: Paralysed         |       |       |       |     5 |       ||     5
Armor: Animal skin       |    36 |   118 |    58 |       |       ||   212
       Troll leather arm |       |       |    12 |    95 |       ||   107
       Steam dragon scal |       |       |     9 |       |       ||     9
       Acid dragon scale |       |       |       |   103 |    34 ||   137
Dodge: Dodged            |    62 |   177 |   175 |   257 |    41 ||   712

Table legend: (Time is in decaauts)
 A = Elapsed time spent in this place.
 B = Non-inter-level travel time spent in this place.
 C = Inter-level travel time spent in this place.
 D = Time resting spent in this place.
 E = Time spent auto-exploring this place.
 F = Levels seen in this place.
 G = Mean time per level.
                   A        B        C        D        E       F      G
               +--------+--------+--------+--------+--------+-----+--------+
         Total |  12830 |  12351 |    479 |   1554 |   7581 |  19 |  675.3 |
       Dungeon |   9700 |   9277 |    423 |   1039 |   5578 |  13 |  746.2 |
        Temple |      7 |      3 |      4 |      0 |      2 |   1 |    7.0 |
          Lair |   3119 |   3068 |     51 |    514 |   2001 |   4 |  779.8 |
  Orcish Mines |      1 |      1 |      0 |      0 |      0 |   1 |    1.0 |
               +--------+--------+--------+--------+--------+-----+--------+

Top non-repeatable levels by time:
     D:4: 1795 daAuts
     D:6: 970 daAuts
     D:8: 961 daAuts
  Lair:1: 931 daAuts
     D:7: 920 daAuts
  Lair:2: 873 daAuts
     D:2: 861 daAuts
     D:3: 845 daAuts
     D:9: 814 daAuts
  Lair:3: 803 daAuts
    D:10: 731 daAuts
     D:1: 730 daAuts
  Lair:4: 511 daAuts
     D:5: 447 daAuts
    D:11: 410 daAuts
